 Dungeon Crawl Stone Soup version 0.19-a0-1672-g679cadd (webtiles) character file.

3285 Ijustatesigmund the Thaumaturge (level 9, -14/52 HPs)
             Began as a Deep Elf Conjurer on Sept 22, 2016.
             Demolished by an ogre
             ... wielding a cursed -1 giant spiked club
              (15 damage)
             ... on level 8 of the Dungeon.
             The game lasted 00:38:24 (9033 turns).

Ijustatesigmund the Thaumaturge (Deep Elf Conjurer) Turns: 9033, Time: 00:38:24

Health: -14/52     AC:  5    Str:  7    XL:     9   Next: 69%
Magic:  7/23       EV: 15    Int: 24    God:
Gold:   175        SH:  0    Dex: 15    Spells: 6 memorised, 7 levels left

rFire  + . .     SeeInvis .     v - +3 dagger (protect)
rCold  . . .     Gourm    .     E - +2 robe {rF+}
rNeg   . . .     Faith    .     (no shield)
rPois  .         Spirit   .     (no helmet)
rElec  .         Dismiss  .     F - +0 cloak
rCorr  .         Reflect  .     (no gloves)
MR     .....     Harm     .     (no boots)
Stlth  ++........               (no amulet)
                                (no ring)
                                t - +2 ring of strength

@: no status effects
A: no striking features
a: no special abilities


You were on level 8 of the Dungeon.
You were not hungry.

You visited 2 branches of the dungeon, and saw 9 of its levels.

You collected 379 gold pieces.
You spent 204 gold pieces at shops.

Inventory:

Hand Weapons
 v - a +3 dagger of protection (weapon)
Missiles
 g - 21 tomahawks
 j - 7 javelins (quivered)
Armour
 E - a +2 robe of fire resistance (worn)
 F - a +0 cloak (worn)
Magical Staves
 a - an uncursed staff of earth
Jewellery
 t - a +2 ring of strength (left hand)
Wands
 f - a wand of enslavement (11/24)
 u - a wand of flame (32/48)
 y - a wand of iceblast (10/15)
 D - a wand of confusion (15/48)
 J - a wand of flame (35/48)
 K - a wand of iceblast (7/15)
Scrolls
 p - a scroll of recharging
 q - a scroll of blinking
 s - 3 scrolls of teleportation
 z - a scroll of fear
 H - a scroll of remove curse
 I - 4 scrolls of enchant weapon
 N - a scroll of holy word
 O - a scroll of magic mapping
Potions
 d - a potion of flight
 e - 2 potions of brilliance
 k - a potion of resistance
 m - 2 potions of lignification
 w - a potion of heal wounds
 C - a potion of might
 G - a potion of curing
Books
 b - a book of Conjurations

   Spells                             Type                      Level
   a - Magic Dart                     Conjuration                  1
   b - Searing Ray                    Conjuration                  2
   c - Dazzling Spray                 Conjuration/Hexes            3
   d - Fulminant Prism                Conjuration/Hexes            4
   e - Iskenderun's Mystic Blast      Conjuration                  4
   f - Iskenderun's Battlesphere      Conjuration/Charms           5
 l - a book of the Dragon

   Spells                             Type                      Level
   a - Flame Tongue                   Conjuration/Fire             1
   b - Cause Fear                     Hexes                        4
   c - Bolt of Fire                   Conjuration/Fire             6
   d - Dragon Form                    Transmutation                7
   e - Dragon's Call                  Summoning                    9
 n - a book of the Warp

   Spells                             Type                      Level
   a - Gell's Gravitas                Hexes/Translocation          3
   b - Force Lance                    Conjuration/Translocation    4
   c - Summon Forest                  Summoning/Translocation      5
   d - Dispersal                      Translocation                6
   e - Controlled Blink               Translocation                8
   f - Disjunction                    Translocation                8
 x - a book of Necromancy

   Spells                             Type                      Level
   a - Pain                           Necromancy                   1
   b - Animate Skeleton               Necromancy                   1
   c - Vampiric Draining              Necromancy                   3
   d - Regeneration                   Charms/Necromancy            3
   e - Animate Dead                   Necromancy                   4
   f - Control Undead                 Necromancy                   4
Comestibles
 c - 8 bread rations
 i - 4 meat rations
 o - 3 slices of pizza


   Skills:
 - Level 3.6 Fighting
 - Level 2.0 Short Blades
 + Level 4.8 Dodging
 - Level 2.4 Stealth
 + Level 8.9 Spellcasting
 - Level 7.4 Conjurations
 - Level 6.1 Hexes
 - Level 8.0 Charms
 - Level 5.4 Necromancy


You had 7 spell levels left.
You knew the following spells:

 Your Spells              Type           Power        Failure   Level  Hunger
a - Magic Dart            Conj           ####         1%          1    None
b - Searing Ray           Conj           #####.       1%          2    None
c - Dazzling Spray        Conj/Hex       #####.       1%          3    None
d - Iskenderun's Battles  Conj/Chrm      #####...     10%         5    ####...
e - Iskenderun's Mystic   Conj           #####...     2%          4    ##.....
f - Regeneration          Chrm/Necr      #####.....   1%          3    None


Dungeon Overview and Level Annotations

Branches:
Dungeon (8/15)             Temple (1/1) D:4
   Lair: D:8-11

Altars:
Ashenzari
Cheibriados
Dithmenos
Elyvilon
Fedhas
Gozag
Hepliaklqana
Kikubaaqudgha
Makhleb
Nemelex Xobeh
Okawaru
Qazlal
Ru
Sif Muna
Trog
Uskayaw
Vehumet
Xom
Yredelemnul
Zin
The Shining One

Shops:
D:8 ?


Message History

The ogre hits you with a giant spiked club!!
* * * LOW HITPOINT WARNING * * *
The yak closely misses you.
Casting: Magic Dart
Confirm with . or Enter, or press ? or * to list all spells.
Aiming: Magic Dart
Press: ? - help, Shift-Dir - straight line, f/p - yak
Aim: a yak (heavily wounded)
The magic dart hits the yak.
The yak is heavily wounded.
The ogre closely misses you. The yak misses you.
Casting: Magic Dart
Confirm with . or Enter, or press ? or * to list all spells.
Aiming: Magic Dart
Press: ? - help, Shift-Dir - straight line, f/p - yak
Aim: a yak (heavily wounded)
The magic dart hits the yak.
The yak is heavily wounded.
The ogre hits you with a giant spiked club!
You die...

....#....8..∩..8..)...#
..(.†...#.#...##.#.#.##
.P#...#..#.#...##.#.#...
P..........†...##.#.#...
.........÷..............
......#..#####.....<#...
..... #..# +......#...
#.....#..#.###......# ##
.......@.....#.##....
......#YO#...#. #.#.#
.............# #.#.#
#.##..#..#..#(. ..... #
...#..#..# .##.#.. .?.
.... ... . .## .... ...
.. #.... ...


You could see a yak and an ogre.

Vanquished Creatures
  The ghost of khekkus the Destroyer, a novice DECj of Vehumet (D:8)
  A hungry ghost (D:8)
  Menkaure (D:7)
  2 orc warriors
  2 phantoms
  An ice beast (D:5)
  2 necrophages
  5 ogres
  2 centaurs
  2 bullfrogs
  A gnoll sergeant (D:6)
  2 scorpions
  3 howler monkeys
  3 crimson imps
  A centaur zombie (D:6)
  3 hounds
  A jelly (D:5)
  7 orc wizards
  6 worker ants
  An iguana (D:5)
  A hound zombie (D:7)
  3 hound skeletons
  A worker ant zombie (D:4)
  3 gnolls (D:6)
  A howler monkey skeleton (D:6)
  11 adders
  2 shadow imps
  3 oozes
  2 adder zombies
  2 adder skeletons
  4 worms
  A dart slug (D:2)
  3 leopard geckos
  12 orcs
  3 ball pythons
  8 giant cockroaches
  16 goblins
  6 hobgoblins
  10 jackals
  5 quokkas
  18 bats
  4 frilled lizards
  A jackal zombie (D:5)
  5 kobolds
  A leopard gecko skeleton (D:5)
  A quokka skeleton (D:5)
  2 quokka zombies (D:5)
  16 rats
192 creatures vanquished.

Notes
Turn   | Place    | Note
-------+----------+-------------------------------------------
     0 | D:1      | Ijustatesigmund the Deep Elf Conjurer began the quest for the Orb.
     0 | D:1      | Reached XP level 1. HP: 10/10 MP: 6/6
   609 | D:1      | Reached XP level 2. HP: 15/15 MP: 6/8
   613 | D:1      | Learned a level 2 spell: Searing Ray
  1181 | D:2      | Reached skill level 5 in Conjurations
  1190 | D:2      | Reached XP level 3. HP: 10/19 MP: 5/10
  1470 | D:2      | Found a shimmering altar of Xom.
  2083 | D:2      | Reached XP level 4. HP: 24/24 MP: 7/12
  2119 | D:2      | Learned a level 3 spell: Dazzling Spray
  2235 | D:3      | Reached skill level 1 in Hexes
  2522 | D:3      | Reached XP level 5. HP: 17/28 MP: 5/14
  2529 | D:3      | Learned a level 5 spell: Iskenderun's Battlesphere
  2988 | D:3      | Reached skill level 1 in Charms
  3164 | D:4      | Noticed an ogre
  3290 | D:4      | Reached XP level 6. HP: 32/32 MP: 9/15
  3420 | D:4      | Found a staircase to the Ecumenical Temple.
  3427 | Temple   | Entered the Ecumenical Temple
  3719 | D:4      | Reached skill level 5 in Hexes
  3836 | D:4      | Reached skill level 5 in Charms
  3836 | D:4      | Reached XP level 7. HP: 36/36 MP: 6/16
  3969 | D:4      | Found a glowing golden altar of the Shining One.
  3979 | D:4      | Found a basalt altar of Yredelemnul.
  3981 | D:4      | Noticed a profane servitor
  4136 | D:4      | Noticed an angel
  4150 | D:5      | Entered Level 5 of the Dungeon
  4185 | D:5      | Reached skill level 5 in Spellcasting
  5034 | D:5      | Reached XP level 8. HP: 29/41 MP: 11/19
  5607 | D:5      | Learned a level 4 spell: Iskenderun's Mystic Blast
  5611 | D:5      | Learned a level 3 spell: Regeneration
  6013 | D:6      | Reached skill level 1 in Necromancy
  6174 | D:6      | Reached skill level 1 in Fighting
  6358 | D:6      | Reached skill level 1 in Short Blades
  6523 | D:6      | Found an iron altar of Okawaru.
  7262 | D:7      | Noticed Menkaure
  7265 | D:7      | HP: 2/44 [giant cockroach (1)]
  7564 | D:7      | Killed Menkaure
  7564 | D:7      | Reached XP level 9. HP: 26/48 MP: 8/22
  8504 | D:7      | Found a hazy altar of Hepliaklqana.
  8797 | D:8      | Reached skill level 5 in Necromancy
  8804 | D:8      | Found Rikuiclo's Magic Scroll Emporium.
  8824 | D:8      | Bought a scroll of identify for 24 gold pieces
  8824 | D:8      | Bought a scroll of identify for 24 gold pieces
  8824 | D:8      | Bought a scroll of identify for 24 gold pieces
  8824 | D:8      | Bought a scroll of holy word for 90 gold pieces
  8824 | D:8      | Bought a scroll of magic mapping for 42 gold pieces
  8828 | D:8      | Gained mutation: You regenerate slowly when monsters are visible. [potion of mutation]
  8828 | D:8      | Gained mutation: Your spells are a little easier to cast, but a little less powerful. [potion of mutation]
  8828 | D:8      | Gained mutation: Your muscles are strong. (Str +2) [potion of mutation]
  8829 | D:8      | Lost mutation: Your muscles are strong. (Str +2) [potion of cure mutation]
  8829 | D:8      | Lost mutation: You regenerate slowly when monsters are visible. [potion of cure mutation]
  8829 | D:8      | Lost mutation: Your spells are a little easier to cast, but a little less powerful. [potion of cure mutation]
  8971 | D:8      | Noticed khekkus's ghost (novice DECj)
  8990 | D:8      | Killed khekkus's ghost
  9031 | D:8      | HP: 1/52 [ogre/giant spiked club (20)]
  9033 | D:8      | Demolished by an ogre

Vault maps used:
D:1:      shiori_arrival_oz
D:2:      xom_teletrap_fun, minmay_goblin_outpost
D:3:      first_bread
D:4:      grunt_temple_overflow_holy_war
D:5:      kennysheep_windowed_halls
D:6:      kennysheep_mini
D:7:      lemuel_coloured_pillars_altar, uniq_menkaure
D:8:      grunt_lair_entry_orc_guard_hut, serial_shops, shop_statue,
          hangedman_little_slice_of_home, nicolae_ru_awakened_eye
Temple:   nicolae_temple_elliptical

Skill      XL: |  1  2  3  4  5  6  7  8  9 |
---------------+----------------------------+-----
Conjurations   | 5 6 7 |  7.4
Spellcasting   | 4 6 7 8 |  8.9
Hexes          | 2 4 5 6 |  6.1
Charms         | 3 5 6 8 |  8.0
Necromancy     | 3 5 |  5.4
Fighting       | 2 3 |  3.6
Short Blades   | 2 |  2.0
Dodging        | 4 |  4.8
Stealth        | |  2.4

Action                   |  1- 3 |  4- 6 |  7- 9 || total
-------------------------+-------+-------+-------++-------
Melee: Dagger            |     5 |     6 |    55 ||    66
       Short sword       |     4 |       |       ||     4
Throw: Javelin           |       |     2 |     1 ||     3
 Cast: Magic Dart        |    80 |    76 |   282 ||   438
       Searing Ray       |       |     9 |     8 ||    17
       Dazzling Spray    |       |       |    27 ||    27
       Iskenderun's Batt |       |       |     9 ||     9
       Iskenderun's Myst |       |       |     7 ||     7
       Regeneration      |       |       |     3 ||     3
  Use: Scroll            |    10 |     7 |    10 ||    27
       Potion            |       |       |     5 ||     5
 Stab: Sleeping          |       |       |     2 ||     2
       Invisible         |       |       |     1 ||     1
  Eat: Chunk             |     3 |     5 |    13 ||    21
       Beef jerky        |       |       |     2 ||     2
       Fruit             |       |       |     1 ||     1
       Pizza             |       |       |     2 ||     2
Armor: Robe              |     1 |     7 |    54 ||    62
Dodge: Dodged            |     5 |    23 |   163 ||   191
